 Dungeon Crawl Stone Soup version 0.27.1 (webtiles) character file.

Game seed: 7043796494136512802

74 ZARRMARR the Conjurer (level 4, -4/27 HPs)
             Began as an Octopode Conjurer on Sept 5, 2021.
             Killed from afar by an orc wizard (5 damage)
             ... with a magic dart
             ... on level 4 of the Dungeon.
             The game lasted 00:07:55 (2508 turns).

ZARRMARR the Conjurer (Octopode Conjurer)           Turns: 2508, Time: 00:07:55

Health: -4/27      AC:  1    Str:  6    XL:     4   Next: 30%
Magic:  1/8        EV: 13    Int: 21    God:
Gold:   89         SH:  0    Dex: 10    Spells: 6/9 levels left

rFire    . . .     SeeInvis .   (no weapon)
rCold    + . .     Faith    .   (no shield)
rNeg     . . .     Spirit   .   (helmet restricted)
rPois    .         Reflect  .   (no amulet)
rElec    .         Harm     .   l - ring of protection from cold
rCorr    .         Rampage  .   (no ring)
Will     .....                  (no ring)
Stlth    +++.......             (no ring)
HPRegen  0.09/turn              (no ring)
MPRegen  0.11/turn              (no ring)
                                (no ring)
                                (no ring)

@: brilliant, hasted, very quick
A: almost no armour, amphibious, 8 rings, camouflage 1, gelatinous body 1,
(nimble swimmer 1), tentacles
a: no special abilities


You were on level 4 of the Dungeon.
You visited 1 branch of the dungeon, and saw 4 of its levels.

You collected 89 gold pieces.

Inventory:

Jewellery
 l - a ring of protection from cold (left tentacle)
Scrolls
 d - a scroll of amnesia
 f - a scroll of immolation {unknown}
 h - a scroll of noise {unknown}
Potions
 e - a potion of might {unknown}
 g - a potion of heal wounds {unknown}
 i - a potion of invisibility {unknown}
 j - a potion of lignification {unknown}
 k - a potion of mutation {unknown}


   Skills:
 - Level 2.0 Dodging
 - Level 2.6 Stealth
 + Level 3.2 Spellcasting
 + Level 4.9 Conjurations


You had 6 spell levels left.
You knew the following spells:

 Your Spells              Type           Power      Damage    Failure   Level
a - Magic Dart            Conj           100%       1d8       1%          1
b - Searing Ray           Conj           72%        3d6       2%          2

Your spell library contained the following spells:

 Spells                   Type           Power      Damage    Failure   Level
 Animate Skeleton         Necr           10%        N/A       13%         1
 Pain                     Necr           20%        1d5       13%         1
 Summon Small Mammal      Summ           20%        N/A       13%         1
 Dazzling Flash           Conj/Hex       40%        N/A       14%         3
 Call Canine Familiar     Summ           5%         N/A       36%         3
 Summon Guardian Golem    Hex/Summ       5%         N/A       36%         3
 Vampiric Draining        Necr           2%         2d6       36%         3
 Fulminant Prism          Conj/Hex       10%        3d9       43%         4
 Iskenderun's Mystic Bla  Conj/Tloc      20%        2d6       43%         4


Dungeon Overview and Level Annotations

Branches:
Dungeon (4/15)
 Temple: D:4-7

Altars:

Shops:
D:2 [

Annotations:
D:3 Ijyb


Innate Abilities, Weirdness & Mutations

You cannot wear most types of armour.
You are amphibious.
You can wear up to eight rings at the same time.
Your skin changes colour to match your surroundings (Stealth+).
Your rubbery body absorbs attacks. (AC +1, EV +1)
((You are camouflaged near water. (Stealth+)))
You have tentacles for arms and can constrict up to eight enemies at once.


Message History

An iguana, a quokka, an endoplasm and a hobgoblin come into view.
Found 2 scrolls labelled ULOTSA JAEDD.
The endoplasm quivers.
An orc wizard comes into view. It is wielding a +0 dagger.
Unknown command.
The orc wizard shouts!
You hear an angry hiss.
The quokka bites you.
* * * LOW HITPOINT WARNING * * *
Casting: Magic Dart (safe; 1% risk of failure)
Confirm with . or Enter, or press ? or * to list all spells.
Aiming: Magic Dart (safe; 1% risk of failure)
Press: ? - help, Shift-Dir - straight line, f - quokka
Aim: a quokka (100% to hit)
The magic dart hits the quokka.
The quokka is heavily wounded.
The quokka closely misses you.
The orc wizard mumbles some strange words.
The orc wizard flickers and vanishes!
Deactivating autopickup; reactivate with Ctrl-A.
Casting: Magic Dart (safe; 1% risk of failure)
Confirm with . or Enter, or press ? or * to list all spells.
You don't have enough magic to cast this spell.
Unknown command.
You tentacle-slap the quokka but do no damage.
You grab the quokka.
The quokka is heavily wounded.
You constrict the quokka. The quokka barely misses you.
You tentacle-slap the quokka. You squeeze the quokka.
You kill the quokka!
It was a potion of brilliance.
You feel clever all of a sudden. Something hits you.
* * * LOW HITPOINT WARNING * * *
It was a potion of haste.
You feel yourself speed up. Something barely misses you.
An orc comes into view. It is wielding a +0 trident.
An orc comes into view. It is wielding a +0 club.
A magic dart appears from out of thin air!
The magic dart hits you.
You die...

# .#
###############.#
#.@..{g.lJ..?...#
#.########o.o...#
#. #......# #.
#......# #.
#......# #.
#g........ #.
..J.....#.# #.
#.J.l###.#..#
#....# .#.##


You could see an iguana, an endoplasm and a hobgoblin.

Vanquished Creatures
  2 adders
  2 dart slugs
  An orc (D:3)
  5 endoplasms
  3 giant cockroaches (D:1)
  A goblin (D:3)
  2 hobgoblins
  4 jackals (D:1)
  5 quokkas
  4 ball pythons
  7 bats
  4 frilled lizards
  3 kobolds
  5 rats
48 creatures vanquished.

Notes
Turn   | Place    | Note
-------+----------+-------------------------------------------
     0 | D:1      | ZARRMARR the Octopode Conjurer began the quest for the Orb.
     0 | D:1      | Reached XP level 1. HP: 11/11 MP: 3/3
   256 | D:1      | Reached XP level 2. HP: 17/17 MP: 0/5
   839 | D:1      | Reached XP level 3. HP: 21/21 MP: 2/6
  1296 | D:2      | Found Gyurys's Antique Armour Shoppe.
  1917 | D:2      | Found a faded altar of an unknown god.
  2106 | D:2      | Learned a level 2 spell: Searing Ray
  2132 | D:3      | Noticed Ijyb
  2332 | D:3      | Reached XP level 4. HP: 27/27 MP: 1/8
  2502 | D:4      | HP: 1/27 [something (2)]
  2508 | D:4      | Killed from afar by an orc wizard

Illustrated notes

Levels and vault maps discovered:
D:1:      grunt_arrival_lava_bath, layout_basic
D:2:      layout_loops_cross, ebering_ecumenical_altar_webs, serial_shops, shop
D:3:      layout_rooms, mainiacjoe_overflow_cross_hatched, serial_corexii_hall,
          chequers_hall_statues_wall_a, chequers_hall_statues_corner_a,
          uniq_ijyb
D:4:      layout_basic, gup_sewer_entry_bowl, sigmund_army, uniq_menkaure,
          uniq_crazy_yiuf_cottage

Skill      XL: |  1  2  3 |
---------------+----------+-----
Spellcasting   | 3 |  3.2
Dodging        | |  2.0
Stealth        | |  2.6
Conjurations   | |  4.9

Action                   |  1- 3 |  4- 6 || total
-------------------------+-------+-------++-------
Melee: Unarmed           |    21 |    14 ||    35
       Constrict         |     4 |     4 ||     8
       Tentacles         |     3 |     1 ||     4
 Cast: Magic Dart        |    81 |    15 ||    96
  Use: Scroll            |     2 |     1 ||     3
       Potion            |       |     2 ||     2
 Stab: Sleeping          |       |     1 ||     1
Armor: Skin              |     4 |       ||     4
Dodge: Dodged            |    20 |    18 ||    38
